 Dungeon Crawl Stone Soup version 0.28.0-45-g0d030f2227 (webtiles) character file.

Game seed: 8988724092359629064

2781 Labrat the Conjurer (level 9, -6/74 HPs)
             Began as a Demigod Conjurer on Apr 21, 2022.
             Mangled by a gnoll sergeant
             ... wielding a +0 spear
              (12 damage)
             ... on level 8 of the Dungeon.
             The game lasted 00:30:04 (9969 turns).

Labrat the Conjurer (Demigod Conjurer)              Turns: 9969, Time: 00:30:05

Health: -6/74      AC:  5    Str:  8    XL:     9   Next: 19%
Magic:  16/22      EV:  7    Int: 32    God:
Gold:   551        SH:  0    Dex: 18    Spells: 7/20 levels left

rFire   . . .      SeeInvis .   H - +3 long sword
rCold   . . .      Faith    .   (no shield)
rNeg    . . .      Spirit   .   a - +0 robe
rPois   .          Reflect  .   F - +0 helmet
rElec   .          Harm     .   p - +0 cloak
rCorr   .          Rampage  .   u - +0 pair of gloves
Will    .....                   (no boots)
Stlth   ++........              (no amulet)
HPRegen 0.22/turn               l - +6 ring of dexterity
MPRegen 0.18/turn               (no ring)

@: lethally poisoned (-6 -> -23), held
A: high MP 1, forlorn, divine attributes
a: no special abilities


You were on level 8 of the Dungeon.
You visited 1 branch of the dungeon, and saw 8 of its levels.

You collected 551 gold pieces.

Inventory:

Hand Weapons
 H - a +3 long sword (weapon)
Missiles
 r - 12 poisoned darts
 s - a throwing net
 G - 6 javelins
Armour
 a - a +0 robe (worn)
 p - a +0 cloak (worn)
 u - a +0 pair of gloves (worn)
 F - a +0 helmet (worn)
Magical Staves
 m - a staff of earth
Jewellery
 l - a +6 ring of dexterity (left hand)
 C - a ring of see invisible
Wands
 e - a wand of paralysis (10)
 g - a wand of iceblast (15)
 o - a wand of polymorph (7)
 x - a wand of digging (2)
 A - a wand of mindburst (15)
Scrolls
 b - a scroll of vulnerability
 c - 2 scrolls of immolation
 d - 2 scrolls of amnesia
 f - 3 scrolls of teleportation
 i - 2 scrolls of fear
 j - 2 scrolls of fog
 k - 4 scrolls of enchant weapon
 q - a scroll of summoning
 w - a scroll of enchant armour
 y - a scroll of magic mapping
 B - a scroll of blinking {unknown}
 D - 3 scrolls of identify
Potions
 h - a potion of brilliance
 n - a potion of heal wounds
 t - 2 potions of invisibility {unknown}
 v - a potion of haste {unknown}
 z - a potion of degeneration {unknown}
 E - a potion of attraction {unknown}
 I - a potion of lignification {unknown}
 J - a potion of curing {unknown}


   Skills:
 - Level 5.0 Fighting
 + Level 4.6 Dodging
 - Level 1.7 Stealth
 + Level 6.1 Spellcasting
 + Level 6.3 Conjurations
 + Level 4.9 Translocations


You had 7 spell levels left.
You knew the following spells:

 Your Spells              Type           Power      Damage    Failure   Level
a - Magic Dart            Conj           100%       1d8       1%          1
b - Searing Ray           Conj           100%       2d8       1%          2
c - Iskenderun's Mystic   Conj/Tloc      46%        2d10      4%          4
d - Gell's Gravitas       Tloc           41%        N/A       1%          3
e - Teleport Other        Tloc           41%        N/A       1%          3

Your spell library contained the following spells:

 Spells                   Type           Power      Damage    Failure   Level
 Lesser Beckoning         Tloc           41%        N/A       1%          3
 Dazzling Flash           Conj/Hex       60%        N/A       3%          3
 Stone Arrow              Conj/Erth      60%        3d10      3%          3
 Sting                    Tmut/Pois      36%        1d4       4%          1
 Poisonous Vapours        Pois/Air       18%        N/A       7%          2
 Fulminant Prism          Conj/Hex       15%        3d11      12%         4
 Animate Armour           Summ/Erth      18%        N/A       41%         4
 Olgreb's Toxic Radiance  Pois           9%         N/A       41%         4
 Lehudib's Crystal Spear  Conj/Erth      15%        10d5      100%        8


Dungeon Overview and Level Annotations

Branches:
Dungeon (8/15)             Temple (0/1) D:6
   Lair: D:8-11

Annotations:
D:5 3 runed translucent doors, Tali's ghost, novice DsBe


Innate Abilities, Weirdness & Mutations

You have an increased reservoir of magic. (+10% MP)
You shall have no god before yourself.
Your divine heritage dramatically boosts your attributes as you level up.


Message History

The gnoll sergeant is heavily wounded.
The gnoll shouts!
The gnoll collides with the gnoll sergeant!
The gnoll sergeant is heavily wounded.
The gnoll is severely wounded.
The gnoll hits you with a +1 flail of venom.
* * * LOW HITPOINT WARNING * * *
You are lethally poisoned!
The gnoll completely misses you.
The gnoll hits you from afar with a +0 spear.
* * * LOW HITPOINT WARNING * * *
The centaur closely misses you. The centaur barely misses you.
Unknown command.
Unknown command.
Casting: Gell's Gravitas (safe; 1% risk of failure)
Confirm with . or Enter, or press ? or * to list all spells.
Aiming: Gell's Gravitas (safe; 1% risk of failure)
Press: ? - help, Dir - move target, f - gnoll
Aim: a gnoll, wielding a +0 spear and carrying a wand of flame (27) (severely wounded) Gravity reorients around the gnoll.
The gnoll collides with the gnoll sergeant!
The gnoll sergeant is heavily wounded.
The gnoll is almost dead.
The gnoll collides with the gnoll sergeant!
The gnoll sergeant is heavily wounded.
The gnoll is severely wounded.
The centaur collides with the gnoll sergeant!
The gnoll sergeant is almost dead.
The centaur is moderately wounded.
The gnoll sergeant collides with the gnoll!
You kill the gnoll!
The gnoll sergeant is almost dead.
* * * LOW HITPOINT WARNING * * *
You feel very sick.
The centaur zaps a wand.
You easily resist.
The gnoll hits you but does no damage.
You are more poisoned.
The gnoll hits you but does no damage.
The gnoll sergeant hits you from afar with a +0 spear!
You die...

...........#.#######.......##
.....................#......#
.................##......#..###
.....##..........##......#....#
.###....#..................#
##........#)..............##
#.........ggg.............##
........<..gcg...............
..........#.@...........#...#
..........#.............#..##
............[.........######
...............>.....##
.................#.##
≈.............#..###
≈≈...........##.##
.........#### ..#....##


You could see a gnoll sergeant, a centaur and 4 gnolls.

Vanquished Creatures
  Pikel (D:7)
  2 water moccasins
  2 black bears
  A hornet zombie (D:7)
  3 sky beasts
  A necrophage (D:7)
  2 centaurs (D:5)
  A lemure (D:7)
  2 phantoms
  A kobold brigand (D:7)
  The ghost of gnacko the Sneak, an amateur KoEn of Elyvilon (D:3)
  A bullfrog (D:7)
  A scorpion (D:5)
  A wyvern zombie (D:7)
  A water moccasin skeleton (D:6)
  3 wights (D:7)
  A howler monkey (D:5)
  A bullfrog zombie (D:6)
  3 hounds
  A jelly (D:4)
  A centaur skeleton (D:5)
  An orc priest (D:5)
  Crazy Yiuf (D:4)
  2 bullfrog skeletons
  A gnoll shaman (D:4)
  2 iguanas
  2 orc wizards
  5 adders
  5 gnolls
  A white imp (D:5)
  2 worms
  3 dart slugs
  18 orcs
  10 endoplasms
  3 giant cockroaches
  7 hobgoblins
  20 jackals
  15 kobolds
  3 quokkas
  6 ball pythons
  7 bats
  3 frilled lizards
  8 goblins
  5 rats
161 creatures vanquished.

Vanquished Creatures (others)
  5 fungi (D:4)
  2 plants (D:4)
7 creatures vanquished.

Grand Total: 168 creatures vanquished

Notes
Turn   | Place    | Note
-------+----------+-------------------------------------------
     0 | D:1      | Labrat the Demigod Conjurer began the quest for the Orb.
     0 | D:1      | Reached XP level 1. HP: 14/14 MP: 5/5
   339 | D:1      | Reached XP level 2. HP: 20/20 MP: 2/7
   541 | D:1      | HP: 1/20 [jackal (1)]
   946 | D:1      | Learned a level 2 spell: Searing Ray
  1516 | D:2      | Reached XP level 3. HP: 26/26 MP: 4/9
  2639 | D:3      | Reached XP level 4. HP: 33/33 MP: 8/11
  2820 | D:3      | Found a transporter.
  2868 | D:3      | Noticed gnacko's ghost (amateur KoEn)
  2871 | D:3      | Found a transporter.
  2920 | D:3      | Noticed a water moccasin
  4062 | D:4      | Noticed a phantom
  4086 | D:4      | Killed a phantom
  4087 | D:4      | Reached skill level 5 in Conjurations
  4087 | D:4      | Reached XP level 5. HP: 31/38 MP: 1/14
  5018 | D:4      | Found a runed translucent door.
  5019 | D:4      | Noticed Crazy Yiuf
  5304 | D:4      | Killed Crazy Yiuf
  5305 | D:4      | Reached XP level 6. HP: 39/45 MP: 13/16
  5376 | D:5      | Entered Level 5 of the Dungeon
  5382 | D:5      | Learned a level 4 spell: Iskenderun's Mystic Blast
  5385 | D:5      | Noticed a water moccasin
  5565 | D:5      | Reached skill level 5 in Spellcasting
  5633 | D:5      | Reached skill level 1 in Fighting
  5699 | D:5      | Killed a water moccasin
  5865 | D:5      | Reached XP level 7. HP: 57/57 MP: 12/17
  5953 | D:5      | Learned a level 3 spell: Gell's Gravitas
  6013 | D:5      | Reached skill level 1 in Translocations
  6874 | D:5      | Noticed Tali's ghost (novice DsBe)
  6878 | D:5      | Found a runed translucent gate.
  6878 | D:5      | Found a runed translucent gate.
  6878 | D:5      | Found a runed translucent gate.
  7158 | D:3      | Reached skill level 5 in Fighting
  7298 | D:3      | Killed gnacko's ghost
  7299 | D:3      | Reached XP level 8. HP: 68/68 MP: 4/19
  7733 | D:6      | Found a staircase to the Ecumenical Temple.
  8337 | D:6      | Learned a level 3 spell: Teleport Other
  9326 | D:7      | Noticed a +0 spear
  9327 | D:7      | Noticed a +0 spear
  9327 | D:7      | Noticed a +0 short sword
  9327 | D:7      | Noticed a +0 short sword
  9328 | D:7      | Noticed a +0 dagger
  9328 | D:7      | Noticed a +0 falchion
  9329 | D:7      | Noticed a +0 falchion
  9329 | D:7      | Noticed a +0 dagger
  9410 | D:7      | Noticed Pikel
  9601 | D:7      | Killed Pikel
  9602 | D:7      | Reached XP level 9. HP: 74/74 MP: 8/21
  9962 | D:8      | Paralysed by a centaur for 6 turns
  9969 | D:8      | Mangled by a gnoll sergeant

Illustrated notes

Levels and vault maps discovered:
D:1:      dpeg_arrival_rhombus, layout_basic
D:2:      layout_basic, dreamdust_ecumenical_altar_angels_and_demons
D:3:      layout_loops_ring, kennysheep_okawaru_gauntlet, gammafunk_ghost_arena,
          chequers_serial_rivers_micro_b
D:4:      layout_loops_ring, nicolae_tso_swordbearing_angel,
          grunt_temple_overflow_forces_of_nature, uniq_crazy_yiuf_cottage
D:5:      layout_rooms, gammafunk_ghost_split, minmay_checkerbox
D:6:      layout_loops_cross, nicolae_sif_muna_condensation,
          mainiacjoe_overflow_alcove_4, cheibriados_altar_1,
          minmay_temple_entry_ruins, nicolae_figureground_sparkle
D:7:      layout_loops_ring, nicolae_uskayaw_en_pointe, minivault_19, uniq_pikel
D:8:      layout_cave_pools, nicolae_ru_the_path_less_chosen,
          amcnicky_altar_gilded, mainiacjoe_overflow_alcove_2,
          serial_bayou_pond_d

Skill      XL: |  1  2  3  4  5  6  7  8 |
---------------+-------------------------+-----
Spellcasting   | 2 3 4 5 6 |  6.1
Conjurations   | 4 5 6 |  6.3
Fighting       | 3 5 |  5.0
Translocations | 3 4 |  4.9
Dodging        | 2 4 |  4.6
Stealth        | |  1.7

Action                   |  1- 3 |  4- 6 |  7- 9 || total
-------------------------+-------+-------+-------++-------
Melee: Unarmed           |    23 |     4 |       ||    27
 Cast: Magic Dart        |   107 |   106 |    39 ||   252
       Searing Ray       |     5 |    17 |    51 ||    73
       Gell's Gravitas   |       |       |    11 ||    11
       Iskenderun's Myst |       |       |     1 ||     1
  Use: Scroll            |       |       |    12 ||    12
Armor: Robe              |    10 |     4 |    23 ||    37
Dodge: Dodged            |    40 |    17 |    66 ||   123
